 Dungeon Crawl Stone Soup version 0.25.0-26-g0c896c7088 (webtiles) character file.

Game seed: 2652562980519687035

3882 CollectiveS the Frost Mage (level 10, -1/63 HPs)
             Began as a Demonspawn Ice Elementalist on July 4, 2020.
             Was a Believer of Vehumet.
             Slain by a wight
             ... wielding a +2 long sword
              (11 damage)
             ... on level 10 of the Dungeon.
             The game lasted 00:54:52 (13589 turns).

CollectiveS the Frost Mage (DsIE)                  Turns: 13589, Time: 00:54:53

Health: -1/63      AC:  5    Str:  8    XL:     10   Next: 0%
Magic:  22/22      EV: 12    Int: 19    God:    Vehumet [**....]
Gold:   626        SH:  0    Dex: 15    Spells: 10/25 levels left

rFire    + + .     SeeInvis .   s - staff of air
rCold    + . .     Gourm    .   (no shield)
rNeg     . . .     Faith    .   a - +0 robe
rPois    .         Spirit   .   (helmet unavailable)
rElec    +         Reflect  .   F - scarf {rC+ rF+}
rCorr    .         Harm     .   (no gloves)
MR       .....                  b - +0 pair of boots
Stlth    +++.......             (no amulet)
HPRegen  0.20/turn              y - ring of protection from fire
MPRegen  0.18/turn              r - ring of stealth

@: lethally poisoned (-1 -> -8), lightly drained
A: horns 3, slimy green scales 1
a: Renounce Religion


You were on level 10 of the Dungeon.
You worshipped Vehumet.
Vehumet was pleased with you.
You were not hungry.

You visited 1 branch of the dungeon, and saw 10 of its levels.
You also visited: Ossuary.

You collected 626 gold pieces.

Inventory:

Hand Weapons
 m - a +3 hunting sling of freezing
 H - a cursed -1 hunting sling
Missiles
 i - 55 sling bullets
 w - 5 curare-tipped darts (quivered)
Armour
 a - a +0 robe (worn)
 b - a +0 pair of boots (worn)
 t - a +1 cloak
 F - a scarf of resistance (worn)
Magical Staves
 s - an uncursed staff of air (weapon)
Jewellery
 r - a ring of stealth (right hand)
 y - a ring of protection from fire (left hand)
Wands
 x - a wand of random effects (12)
 K - a wand of polymorph (6)
 L - a wand of iceblast (7)
Scrolls
 f - 2 scrolls of enchant armour
 g - a scroll of enchant weapon
 j - 3 scrolls of immolation {unknown}
 l - 2 scrolls of noise {unknown}
 o - 10 scrolls of remove curse
 p - a scroll of fear {unknown}
 q - 5 scrolls of identify
 u - 5 scrolls of teleportation
 v - 2 scrolls of amnesia {unknown}
 J - a scroll of fog {unknown}
Potions
 d - 4 potions of heal wounds {unknown}
 e - 5 potions of mutation {unknown}
 h - a potion of invisibility {unknown}
 k - 3 potions of flight {unknown}
 n - 5 potions of brilliance {unknown}
 z - 2 potions of resistance {unknown}
 A - 2 potions of might {unknown}
 B - a potion of degeneration {unknown}
 C - a potion of cancellation {unknown}
 D - 2 potions of berserk rage {unknown}
 E - 2 potions of haste {unknown}
 G - a potion of stabbing {unknown}
 I - 5 potions of curing
 M - a potion of lignification {unknown}
 O - 2 potions of ambrosia {unknown}
Comestibles
 c - 8 rations


   Skills:
 - Level 0.1(0.0) Staves
 - Level 2.0(1.7) Dodging
 - Level 1.8(1.5) Stealth
 + Level 8.2(7.9) Spellcasting
 * Level 4.3(3.9) Conjurations
 - Level 0.3(0.0) Charms
 + Level 5.0(4.7) Summonings
 + Level 9.1(8.7) Ice Magic
 + Level 0.4(0.1) Evocations


You had 10 spell levels left.
You knew the following spells:

 Your Spells              Type           Power        Failure   Level  Hunger
a - Freeze                Ice            ####         1%          1    None
b - Frozen Ramparts       Ice            #####.       1%          3    None
c - Summon Ice Beast      Ice/Summ       ####....     6%          4    ###....
d - Ozocubu's Armour      Chrm/Ice       ###.....     4%          3    None
e - Hailstorm             Conj/Ice       ####....     7%          4    ###....

Your spell library contained the following spells:

 Spells                   Type           Power        Failure   Level  Hunger
 Stone Arrow              Conj/Erth      ###...       12%         3    None
 Sting                    Tmut/Pois      #...         10%         1    None
 Poisonous Vapours        Pois/Air       ##....       14%         2    None
 Mephitic Cloud           Conj/Pois/Air  ###.....     16%         3    None
 Ignite Poison            Fire/Tmut/Pois #.......     28%         3    None
 Olgreb's Toxic Radiance  Pois           #.......     67%         4    ###....
 Iskenderun's Battlesphe  Conj/Chrm      ###.....     73%         5    #####..
 Bolt of Magma            Conj/Fire/Erth ##........   83%         5    #####..
 Iron Shot                Conj/Erth      ###.......   99%         6    ######.
 Orb of Destruction       Conj           ###.......   100%        7    #######
 Spellforged Servitor     Conj/Summ      ###.......   100%        7    #######


Dungeon Overview and Level Annotations

Branches:
Dungeon (10/15)            Temple (0/1) D:6         Ossuary (visited)
   Lair: D:8-11         Orc: D:9-12

Altars:
Cheibriados
Gozag
Hepliaklqana
Nemelex Xobeh
Okawaru
Qazlal
Ru
Sif Muna
Trog
Uskayaw
Vehumet
Wu Jian
Zin
The Shining One

Annotations:
D:4 Grinder
D:7 2 transporters, lepoulpe303's ghost, novice SpEn


Innate Abilities, Weirdness & Mutations

You have a pair of large horns on your head.
You are partially covered in slimy green scales. (AC +2)


Message History

The two-headed ogre hits you with a +0 giant spiked club!
Found a whip.
Found a stone staircase leading down.
There is an open door here.
A wight comes into view.
It is wielding a +3 battleaxe of freezing.
A wight comes into view. It is wielding a +2 long sword.
A scorpion comes into view.
The wight hits you with a cursed +3 battleaxe of freezing!
You feel drained. The wight freezes you.
A wight comes into view. It is wielding a +3 spear.
A bullfrog comes into view.
The bullfrog moves out of view.
The scorpion stings you!
* * * LOW HITPOINT WARNING * * *
You are poisoned.
The scorpion poisons you!
Unknown command.
Unknown command.
You feel sick.
The wight hits you with a +2 long sword!
You die...

##########........# #.# #
........##....$...#####)##....
.........'............%........
........##........#####......##
.......O########### .....#.#
........# #..##### #
...)....###########...).
...>..........zO.sz.....
........###'####@z....P.
........##...O......P..F
##########.......P.P...P
#......P.P.#### #......PP.P#
#......P...# ######...PP#
#...P..


You could see 2 two-headed ogres, a bullfrog (wandering), a scorpion and 3
wights.

Vanquished Creatures
  A two-headed ogre (D:8)
  A water moccasin (D:9)
  An orc warrior (D:7)
  2 sky beasts
  An ice beast (D:5)
  A phantom (D:9)
  6 ogres
  A crocodile (D:10)
  A big kobold (D:9)
  2 bullfrogs
  A water moccasin zombie (Ossuary)
  2 scorpions
  A wyvern skeleton (D:7)
  3 crimson imps
  2 hounds
  9 orc priests
  A centaur zombie (D:6)
  A centaur skeleton (D:4)
  A gnoll shaman (D:8)
  11 orc wizards
  A bullfrog skeleton (D:6)
  Terence (D:2)
  4 worker ants
  A hound zombie (D:7)
  A hound skeleton (D:4)
  2 mummies
  4 gnolls (D:8)
  8 adders
  2 oozes (D:3)
  An adder zombie (D:8)
  A worm (D:2)
  2 dart slugs
  3 leopard geckos
  34 orcs
  8 giant cockroaches
  7 hobgoblins
  10 jackals
  8 kobolds
  4 quokkas
  5 ball pythons
  6 bats
  A frilled lizard (D:2)
  7 goblins
  A goblin zombie (D:8)
  2 hobgoblin zombies (Ossuary)
  3 kobold zombies
  An orc zombie (Ossuary)
  4 rats
181 creatures vanquished.

Vanquished Creatures (collateral kills)
  A meliai zombie (D:10)
  A phantom (D:9)
  A nameless horror (D:9)
  A water moccasin zombie (Ossuary)
  9 wights
  2 orc wizards
  2 big kobold zombies (Ossuary)
  A mummy (Ossuary)
  A shadow imp (D:5)
  An adder zombie (Ossuary)
  3 gnoll zombies (Ossuary)
  4 hobgoblin zombies (Ossuary)
  2 kobold zombies (Ossuary)
  2 orc zombies (Ossuary)
31 creatures vanquished.

Vanquished Creatures (others)
  5 fungi (D:10)
  A plant (D:10)
6 creatures vanquished.

Grand Total: 218 creatures vanquished

Notes
Turn   | Place    | Note
-------+----------+-------------------------------------------
     0 | D:1      | CollectiveS the Demonspawn Ice Elementalist began the quest
                  | for the Orb.
     0 | D:1      | Reached XP level 1. HP: 13/13 MP: 3/3
   309 | D:1      | Gained mutation: You have a pair of small horns on your
                  | head. [demonic ancestry]
   309 | D:1      | Reached XP level 2. HP: 19/19 MP: 0/5
   943 | D:1      | Reached skill level 4 in Ice Magic
  1461 | D:2      | Reached XP level 3. HP: 19/24 MP: 5/7
  2582 | D:3      | Gained mutation: You have a pair of horns on your head.
                  | [demonic ancestry]
  2582 | D:3      | Reached XP level 4. HP: 30/30 MP: 6/8
  2807 | D:3      | Noticed Terence
  3005 | D:3      | Found a snail-covered altar of Cheibriados.
  3079 | D:2      | Killed Terence
  3106 | D:3      | Reached skill level 5 in Ice Magic
  3106 | D:3      | Gained mutation: You are partially covered in slimy green
                  | scales. (AC +2) [demonic ancestry]
  3106 | D:3      | Reached XP level 5. HP: 19/35 MP: 3/10
  4215 | D:4      | Found a radiant altar of Vehumet.
  4223 | D:4      | Became a worshipper of Vehumet
  4317 | D:4      | Noticed Grinder
  4649 | D:4      | Learned a level 3 spell: Frozen Ramparts
  4848 | D:4      | Reached XP level 6. HP: 34/41 MP: 9/11
  5008 | D:4      | Learned a level 4 spell: Summon Ice Beast
  5012 | D:4      | Learned a level 3 spell: Ozocubu's Armour
  5029 | D:4      | Found an ornate altar of the Wu Jian Council.
  5509 | D:5      | Entered Level 5 of the Dungeon
  5746 | D:5      | Reached skill level 6 in Ice Magic
  5912 | D:5      | Found a glowing silver altar of Zin.
  5912 | D:5      | Noticed an angel
  5976 | D:5      | Reached skill level 1 in Summonings
  6121 | D:5      | Noticed an ice beast
  6125 | D:5      | Killed an ice beast
  6125 | D:5      | Reached XP level 7. HP: 46/46 MP: 12/14
  7018 | D:6      | Found an iron altar of Okawaru.
  7018 | D:6      | Found an opulent altar of Gozag.
  7018 | D:6      | Found a sacrificial altar of Ru.
  7234 | D:6      | Reached skill level 5 in Spellcasting
  7474 | D:6      | Found a staircase to the Ecumenical Temple.
  7633 | D:6      | Reached skill level 7 in Ice Magic
  7714 | D:6      | Found a bloodstained altar of Trog.
  7715 | D:6      | Found a glowing golden altar of the Shining One.
  7825 | D:6      | Reached XP level 8. HP: 50/52 MP: 10/16
  7967 | D:6      | Found a glowing golden altar of the Shining One.
  8062 | D:6      | Learned a level 4 spell: Hailstorm
  8462 | D:7      | Reached skill level 1 in Conjurations
  8465 | D:7      | Reached * piety under Vehumet
  8465 | D:7      | Offered knowledge of Foxfire by Vehumet.
  8821 | D:7      | Found a sparkling altar of Nemelex Xobeh.
  8903 | D:7      | Found a transporter.
  8907 | D:7      | Found a transporter.
  8913 | D:7      | Noticed lepoulpe303's ghost (novice SpEn)
  9211 | D:8      | Noticed a two-headed ogre
  9287 | D:8      | Killed a two-headed ogre
  9287 | D:8      | Reached skill level 8 in Ice Magic
  9287 | D:8      | Gained mutation: You have a pair of large horns on your
                  | head. [demonic ancestry]
  9287 | D:8      | Reached XP level 9. HP: 57/57 MP: 3/19
  9316 | D:8      | Found a hide-covered altar of Uskayaw.
  9368 | D:8      | Found a stormy altar of Qazlal.
  9432 | D:8      | Found a sand-covered staircase.
  9445 | Ossuary  | Entered an ossuary
 10014 | D:8      | Reached ** piety under Vehumet
 10014 | D:8      | Offered knowledge of Sandblast by Vehumet.
 11116 | D:8      | Found a hazy altar of Hepliaklqana.
 11946 | D:9      | Found a shimmering blue altar of Sif Muna.
 13050 | D:9      | Reached skill level 9 in Ice Magic
 13218 | D:9      | Reached skill level 5 in Summonings
 13414 | D:10     | Entered Level 10 of the Dungeon
 13429 | D:10     | Offered knowledge of Stone Arrow by Vehumet.
 13447 | D:10     | Reached XP level 10. HP: 32/63 MP: 3/22
 13559 | D:10     | Noticed a two-headed ogre
 13565 | D:10     | Noticed a two-headed ogre
 13589 | D:10     | Slain by a wight

Illustrated notes

Levels and vault maps discovered:
D:1:      lemuel_arrival_tunnels, layout_loops_corners
D:2:      layout_loops_ring, minmay_misc_feat_plants
D:3:      layout_rooms, first_ration, st_stairs_6, kennysheep_slug_shrine,
          uniq_terence
D:4:      layout_basic, old_standard_altar, lemuel_round_altar,
          kennysheep_cross_room, uniq_grinder
D:5:      layout_basic, zin_angel, kennysheep_nub, kennysheep_generic_room_7
D:6:      layout_loops_ring, chequers_temple_overflow_statue_of_worship,
          gammafunk_temple_overflow_statue, minmay_temple_entry_antechambers,
          nicolae_tso_carved_into_rock
D:7:      layout_rooms, kennysheep_mini_moat, gammafunk_ghost_arena
D:8:      layout_loops_corners, kennysheep_mini, marbit_many_paths,
          eat_drink_and_be_merry_uskayaw, nicolae_ossuary_entry_giza
D:9:      layout_basic, tgw_sif
D:10:     layout_basic, grunt_lair_entry_orc_guard_hut, uniq_sonja

Skill      XL: |  1  2  3  4  5  6  7  8  9 |
---------------+----------------------------+-----
Dodging        | 2 |  2.0
Ice Magic      | 4 5 6 7 8 9 |  9.1
Spellcasting   | 3 4 5 7 8 |  8.2
Summonings     | 1 2 4 5 |  5.0
Conjurations   | 2 4 |  4.3
Staves         | |  0.1
Stealth        | |  1.8
Charms         | |  0.3
Evocations     | |  0.4

Action                   |  1- 3 |  4- 6 |  7- 9 | 10-12 || total
-------------------------+-------+-------+-------+-------++-------
Melee: Unarmed           |     1 |       |       |       ||     1
       Staff             |       |    22 |   176 |       ||   198
       Headbutt          |       |     3 |    34 |       ||    37
 Fire: Hunting sling     |       |    30 |       |       ||    30
Throw: Stone             |       |       |    12 |       ||    12
       Dart              |       |       |     6 |       ||     6
 Cast: Freeze            |    71 |    83 |    65 |       ||   219
       Frozen Ramparts   |       |     6 |    51 |       ||    57
       Ozocubu's Armour  |       |     2 |    15 |       ||    17
       Summon Ice Beast  |       |     2 |    45 |       ||    47
       Hailstorm         |       |       |     2 |       ||     2
Evoke: Wand              |       |     3 |     1 |       ||     4
  Use: Potion            |       |     3 |       |       ||     3
       Scroll            |       |     6 |     3 |       ||     9
 Stab: Sleeping          |       |       |     4 |       ||     4
  Eat: Chunk             |     5 |     5 |    24 |       ||    34
       Ration            |       |     2 |     2 |       ||     4
Armor: Robe              |    10 |    22 |    69 |       ||   101
Dodge: Dodged            |    27 |    90 |   158 |       ||   275
